AoeStats
← FloSnake27

Arabia

511037715Analyzed
1v1 RM · 7h ago on Oct 3, 2026· 25m 43s· 2 players
Game mode
Random Map
Map size
Tiny (2 player)
Population
200
Speed
Normal
Resources
Standard
Victory
Conquest
Starting age
Dark Age
Ending age
Imperial Age
RankedLock teamsTeams togetherTeam positionsShared explorationLock speedFull tech treeHidden civsTurbo modeCheats
Victory
Defeat
🇫🇷 Portuguese · France
740
+16
🇵🇹 Persians · Portugal
739
-16
SLUG
7:12 Loom
11:42 Feudal Age
17:32 Castle Age
21:29 Stone Mining
23:26 Town Watch
26:17 Wheelbarrow
FloSnake27
1:05 Loom
11:19 Feudal Age
11:50 Double-Bit Axe
11:46 Horse Collar
12:39 Town Watch
13:16 Arson
15:14 Man-at-Arms
19:06 Forging
19:02 Scale Barding Armor
20:09 Scale Mail Armor
21:27 Wheelbarrow
26:46 Castle Age
Connection lost

Rejoining the realm…

Still unreachable

The connection could not be restored.

Session expired

The server has moved on; the page needs a fresh start.